 Dungeon Crawl Stone Soup version 0.29-a0-982-gaed3a0c8d8 (webtiles) character file.

Game seed: 4239489209413741308

12467 manyhoops the Grappler (level 11, -4/105 HPs)
             Began as a Demigod Transmuter on Aug 1, 2022.
             Slain by a centaur warrior (6 damage)
             ... on level 11 of the Dungeon.
             The game lasted 00:16:45 (13341 turns).

manyhoops the Grappler (Demigod Transmuter)        Turns: 13341, Time: 00:16:46

Health: -4/105     AC: 11    Str: 23    XL:     11   Next: 36%
Magic:  10/22      EV: 10    Int: 15    God:
Gold:   965        SH:  0    Dex: 14    Spells: 8/20 levels left

rFire   x . .      SeeInvis .     - Unarmed
rCold   + + +      Faith    .   (shield currently unavailable)
rNeg    . . .      Spirit   .   (body armour currently unavailable)
rPois   +          Reflect  .   (helmet currently unavailable)
rElec   .          Harm     .   (cloak currently unavailable)
rCorr   .          Rampage  .   (gloves currently unavailable)
Will    +....                   (boots currently unavailable)
Stlth   +.........              (no amulet)
HPRegen 0.27/turn               g - +4 ring of protection
MPRegen 0.18/turn               C - ring of wizardry

@: ice-form, wereblooded, very slightly contaminated
A: freezing attack, amphibious, boosted hp, large, high MP 1, forlorn, divine
attributes
a: End Transformation


You were on level 11 of the Dungeon.
You were a creature of crystalline ice.
You visited 1 branch of the dungeon, and saw 11 of its levels.

You collected 965 gold pieces.

Inventory:

Hand Weapons
 n - the +11 spear "Suivey" {vorpal, rElec rC+}
   (You found it on level 3 of the Dungeon)

   It inflicts extra damage upon your enemies.
   rC:        It protects you from cold.
   rElec:     It insulates you from electricity.
 P - the +6 war axe of Mutietzo {vamp, rC+ Dex+3}
   (You took it off an orc warrior on level 10 of the Dungeon)

   It occasionally heals its wielder for a portion of the damage dealt when it
   wounds a living foe.
   Dex:       It affects your dexterity (+3).
   rC:        It protects you from cold.
Armour
 f - a +2 helmet
 G - a +2 pair of boots (melded)
 J - the +1 scale mail "Beacum" (melded) {Str+5}
   (You found it on level 9 of the Dungeon)

   Str:       It affects your strength (+5).
 N - a +1 pair of gloves of stealth (melded)
 O - the +1 helmet of a Gauntlet (melded) {rPois}
   (You found it on level 10 of the Dungeon)

   rPois:     It protects you from poison.
Jewellery
 g - a +4 ring of protection (left front paw)
 A - a ring of protection from fire
 C - a ring of wizardry (right front paw)
Wands
 j - a wand of iceblast (16)
 q - a wand of flame (9)
 z - a wand of quicksilver (12)
 D - a wand of mindburst (16)
 K - a wand of polymorph (4)
Scrolls
 a - a scroll of blinking {unknown}
 d - 2 scrolls of fear
 e - a scroll of summoning
 h - 3 scrolls of butterflies
 i - 4 scrolls of teleportation
 m - a scroll of immolation
 p - 4 scrolls of noise
 s - 3 scrolls of enchant weapon
 u - a scroll of vulnerability
 v - a scroll of silence
 w - a scroll of enchant armour
 x - 2 scrolls of brand weapon {unknown}
 H - 2 scrolls of magic mapping
 L - 2 scrolls of identify
 M - a scroll of poison {unknown}
Potions
 b - a potion of lignification
 c - 2 potions of might
 k - a potion of mutation {unknown}
 l - 3 potions of curing
 o - a potion of cancellation
 r - a potion of flight {unknown}
 t - a potion of heal wounds {unknown}
 B - a potion of ambrosia {unknown}
 E - a potion of resistance {unknown}
 F - a potion of attraction {unknown}
 I - a potion of magic
 Q - a potion of brilliance {unknown}


   Skills:
 + Level 5.6 Fighting
 - Level 1.7 Dodging
 + Level 12.5 Unarmed Combat
 - Level 5.1 Spellcasting
 - Level 8.9 Transmutations
 - Level 3.3 Ice Magic


You had 8 spell levels left.
You knew the following spells:

 Your Spells              Type           Power      Damage    Failure   Level
a - Beastly Appendage     Tmut           60%        N/A       1%          1
b - Wereblood             Tmut           30%        N/A       1%          2
c - Ice Form              Ice/Tmut       22%        N/A       5%          4
d - Ozocubu's Armour      Ice            13%        N/A       4%          3
e - Blink                 Tloc           6%         N/A       10%         2

Your spell library contained the following spells:

 Spells                   Type           Power      Damage    Failure   Level
 Spider Form              Tmut/Pois      17%        N/A       3%          3
 Apportation              Tloc           6%         N/A       6%          1
 Magic Dart               Conj           12%        1d3       6%          1
 Searing Ray              Conj           6%         2d4       10%         2
 Lesser Beckoning         Tloc           3%         N/A       19%         3
 Alistair's Intoxication  Tmut/Pois      11%        N/A       26%         5
 Animate Dead             Necr           3%         N/A       52%         4
 Fulminant Prism          Conj/Hex       1%         3d6       52%         4
 Metabolic Englaciation   Hex/Ice        4%         N/A       63%         5
 Borgnjor's Vile Clutch   Necr/Erth      1%         N/A       85%         5
 Manifold Assault         Tloc           3%         N/A       85%         5
 Simulacrum               Ice/Necr       4%         N/A       99%         6
 Death Channel            Necr           1%         N/A       100%        6


Dungeon Overview and Level Annotations

Branches:
Dungeon (11/15)            Temple (0/1) D:6             Orc (0/2) D:11
   Lair: D:8-11

Shops:
D:1 !   D:10 *

Portals:
Trove: D:11 (give 12 potions of heal wounds)

Annotations:
D:9 1 runed translucent door, Endy73's ghost, novice DEFE


Innate Abilities, Weirdness & Mutations

You are a creature of crystalline ice.
You have a powerful freezing melee attack.
You are amphibious.
Your maximum health is increased.
Your armour is entirely melded.
You are incapable of wielding weapons or throwing items.
You have an increased reservoir of magic. (+10% MP)
You shall have no god before yourself.
Your divine heritage dramatically boosts your attributes as you level up.


Message History

Unknown command.
Unknown command.
As you read the scroll of fear, it crumbles to dust.
You assume a fearsome visage.
The centaur warrior looks frightened!
The six-headed hydra resists with some effort.
The six-headed hydra bites you.
* * * LOW HITPOINT WARNING * * *
The six-headed hydra barely misses you. The six-headed hydra bites you!
* * * LOW HITPOINT WARNING * * *
The six-headed hydra bites you!
* * * LOW HITPOINT WARNING * * *
The six-headed hydra closely misses you.
The six-headed hydra barely misses you.
Unknown command.
Unknown command.
Okay, then.
Okay, then.
Okay, then.
Okay, then.
You pummel the six-headed hydra!! You freeze the six-headed hydra.
The six-headed hydra is almost dead.
Unknown command.
You hit the six-headed hydra.
The six-headed hydra seems to slow down.
You freeze the six-headed hydra.
The six-headed hydra is almost dead.
The six-headed hydra bites you but does no damage. x2
The six-headed hydra bites you.
* * * LOW HITPOINT WARNING * * *
The six-headed hydra bites you but does no damage.
The six-headed hydra bites you!
* * * LOW HITPOINT WARNING * * *
The six-headed hydra barely misses you.
Unknown command.
You hit the six-headed hydra. You freeze the six-headed hydra.
You feel a bit better.
You kill the six-headed hydra!
The centaur warrior unwields a +1 shortbow of freezing.
The centaur warrior hits you.
You die...

...........# #..#...#..
...........## ##....∩....
...........#c# #.#..#...#..
...........#.)# #..#..##.##..
#.........###..# #..##.........
##.......## #..#
#..##..####.... ##...).##
#..#..##........<.. ###.###
###c###............ ## ##..##
##.Y...##....)..#### #..####.##
##.#####.##......+ .#
#..###.###(#.....#.##.....#..#
####.##.##.#..###..#.#.#####..#
#..#.#.###.#.#... #........#
##)##.##..#.#.#.# #.....>..#
#.#..##.#.#.#.. # #....##...
#.#####.#.#.. ## #....# #
##..##.###.#. #.....


You could see a centaur warrior.

Vanquished Creatures
  A hydra (D:11)
  A two-headed ogre (D:10)
  The ghost of t4s4d4r the Tormented, a journeyman KoNe of Kikubaaqudgha (D:9)
  Lodul (D:11)
  2 cyclopes (D:11)
  A manticore (D:11)
  A komodo dragon (D:11)
  4 trolls
  A hornet (D:8)
  2 wraiths
  A shadow (D:9)
  14 yaks
  2 steam dragons (D:9)
  A warg (D:10)
  2 acid dragons (D:10)
  2 water moccasins (D:7)
  8 orc warriors
  2 black bears
  An ice beast (D:7)
  4 sky beasts
  9 ogres
  3 centaurs
  2 kobold brigands
  4 phantoms
  2 bullfrogs
  A necrophage (D:7)
  2 scorpions
  3 wights (D:8)
  18 killer bees
  7 hounds
  4 orc priests
  4 jellies
  An iguana (D:6)
  6 orc wizards
  3 gnolls (D:3)
  6 adders
  A shadow imp (D:5)
  4 worms
  A dart slug (D:3)
  28 orcs
  6 ball pythons
  An endoplasm (D:2)
  2 giant cockroaches (D:2)
  3 goblins
  9 hobgoblins
  6 jackals (D:2)
  5 quokkas
  6 bats
  A frilled lizard (D:1)
  A goblin skeleton (D:4)
  A jackal skeleton (D:4)
  16 kobolds
  2 rats
220 creatures vanquished.

Vanquished Creatures (others)
  An unseen horror (D:11)
  66 fungi
  7 plants
  3 toadstools (D:2)
  3 withered plants (D:3)
80 creatures vanquished.

Grand Total: 300 creatures vanquished

Notes
Turn   | Place    | Note
-------+----------+-------------------------------------------
     0 | D:1      | manyhoops the Demigod Transmuter began the quest for the
                  | Orb.
     0 | D:1      | Reached XP level 1. HP: 15/15 MP: 5/5
   109 | D:1      | Reached skill level 1 in Fighting
   275 | D:1      | Reached skill level 3 in Unarmed Combat
   611 | D:1      | Found Ofreyqogu's Distillery.
   734 | D:1      | Reached XP level 2. HP: 23/23 MP: 5/7
  1252 | D:2      | Reached XP level 3. HP: 11/28 MP: 8/8
  2574 | D:2      | Learned a level 2 spell: Wereblood
  2645 | D:2      | Reached skill level 4 in Unarmed Combat
  3047 | D:3      | Noticed an ogre
  3100 | D:3      | Reached XP level 4. HP: 35/36 MP: 6/9
  3238 | D:3      | Identified the +11 spear "Suivey" {vorpal, rElec rC+}
  3546 | D:3      | Killed an ogre
  3547 | D:3      | Reached skill level 5 in Unarmed Combat
  3547 | D:3      | Reached XP level 5. HP: 42/42 MP: 10/10
  4648 | D:4      | Noticed a black bear
  4652 | D:4      | Killed a black bear
  4653 | D:4      | Reached skill level 6 in Unarmed Combat
  4653 | D:4      | Reached XP level 6. HP: 51/51 MP: 11/11
  5114 | D:4      | Noticed a human
  5131 | D:4      | Found a runed translucent door.
  5194 | D:5      | Entered Level 5 of the Dungeon
  5415 | D:5      | Reached XP level 7. HP: 46/57 MP: 8/12
  5848 | D:5      | Reached skill level 5 in Transmutations
  6155 | D:5      | Reached XP level 8. HP: 58/63 MP: 13/13
  6163 | D:5      | Learned a level 4 spell: Ice Form
  6167 | D:5      | Learned a level 3 spell: Ozocubu's Armour
  6239 | D:6      | Reached skill level 1 in Ice Magic
  6405 | D:6      | Found a staircase to the Ecumenical Temple.
  7148 | D:7      | Reached skill level 5 in Spellcasting
  7151 | D:7      | Learned a level 2 spell: Blink
  7347 | D:7      | Reached XP level 9. HP: 70/70 MP: 15/20
  7419 | D:7      | Reached skill level 7 in Unarmed Combat
  7862 | D:8      | Identified the +1 chain mail of Eternity {Str-3 Dex+5
                  | Stlth+}
  7911 | D:8      | Reached skill level 8 in Unarmed Combat
  8261 | D:8      | Reached skill level 9 in Unarmed Combat
  8496 | D:9      | Identified the +1 scale mail "Beacum" {Str+5}
  8515 | D:9      | Reached skill level 5 in Fighting
  9032 | D:9      | Reached XP level 10. HP: 81/81 MP: 16/21
  9714 | D:9      | Found a runed translucent door.
  9717 | D:9      | Noticed Endy73's ghost (novice DEFE)
  9718 | D:9      | Identified the +6 trident of Gallantry {pain, Int+4}
  9967 | D:10     | Entered Level 10 of the Dungeon
 10840 | D:10     | Noticed a two-headed ogre
 10855 | D:10     | Killed a two-headed ogre
 10856 | D:10     | Reached skill level 10 in Unarmed Combat
 11272 | D:10     | Found Ceczarph's Overcharged Wands.
 11426 | D:10     | Found a runed translucent gate.
 11426 | D:10     | Found a runed translucent gate.
 11427 | D:10     | Found a runed translucent gate.
 11515 | D:10     | Noticed t4s4d4r's ghost (journeyman KoNe)
 11827 | D:10     | Identified the +6 war axe of Mutietzo {vamp, rC+ Dex+3}
 11889 | D:9      | Killed t4s4d4r's ghost
 12236 | D:10     | Reached skill level 11 in Unarmed Combat
 12274 | D:10     | Reached XP level 11. HP: 88/88 MP: 16/22
 12441 | D:10     | Identified the +1 helmet of a Gauntlet {rPois}
 12502 | D:11     | Found a staircase to the Orcish Mines.
 12741 | D:11     | Found a portal to a secret trove of treasure.
 12876 | D:11     | Noticed Lodul
 12882 | D:11     | Killed Lodul
 12890 | D:11     | Reached skill level 12 in Unarmed Combat
 13328 | D:11     | Noticed a six-headed hydra
 13330 | D:11     | Noticed a centaur warrior
 13332 | D:11     | Noticed a centaur warrior
 13340 | D:11     | HP: 1/105 [six-headed hydra (8)]
 13341 | D:11     | Killed a six-headed hydra
 13341 | D:11     | Slain by a centaur warrior

Illustrated notes

Levels and vault maps discovered:
D:1:      minmay_arrival_four_circles, layout_rooms, serial_shops,
          nicolae_shop_hallway_plus, serial_forest,
          infiniplex_forest_clump_curved, infiniplex_forest_diagonal,
          infiniplex_forest_clump_medium, infiniplex_forest_straight_5,
          infiniplex_forest_zigzag_1
D:2:      layout_basic, basic_altar, chequers_serial_rivers_small_b,
          minmay_gold_behind_fungi
D:3:      layout_basic, mainiacjoe_overflow_small_starburst,
          shapermc_ecumenical_altar_flowoftime
D:4:      mumra_celtic_spiral_tile, layout_loops_corners, dk_yredelemnul_ordeal,
          tso_oasis_becter
D:5:      layout_rooms, nicolae_qazlal_eye_of_the_storm
D:6:      layout_rooms, temple_fountains
D:7:      layout_basic
D:8:      layout_rooms, hangedman_abyss_or_decor_stabs,
          kennysheep_generic_room_9
D:9:      layout_basic, ebering_ghost_funeral_grove
D:10:     layout_cave_pools, kennysheep_mini,
          mainiacjoe_overflow_catch_the_wave, serial_co_window_serial,
          co_window_paths_a, co_window_paths_b, co_window_paths_a,
          co_window_corner_a, co_window_of_opportunity_a,
          co_window_of_opportunity_a, co_window_paths_a, co_window_corner_b,
          co_window_cross_3, co_window_unsneaky_path_a,
          co_window_of_opportunity_b, co_window_2corner,
          co_window_unsneaky_path_d, co_window_of_opportunity_b,
          glass_columns_b, glass_columns_a, glass_columns_b, glass_columns_b,
          biasface_ghost_orc_armoury, nicolae_shop_overcharged_wands
D:11:     minmay_the_grid_octo_2x2 [minmay_the_grid_octo_empty,
          minmay_the_grid_octo_fan_narrow, minmay_the_grid_octo_concentric,
          minmay_the_grid_octo_prize_star], layout_gridville, erik_lair_dragon,
          nicolae_trove_entry_crossroad, chequers_serial_rivers_large_a,
          uniq_lodul

Skill      XL: |  1  2  3  4  5  6  7  8  9 10 11 |
---------------+----------------------------------+-----
Fighting       | 1 2 3 5 |  5.6
Unarmed Combat | 3 4 5 6 9 11 12 | 12.5
Transmutations | 2 6 8 |  8.9
Ice Magic      | 3 |  3.3
Spellcasting   | 5 |  5.1
Dodging        | |  1.7

Action                   |  1- 3 |  4- 6 |  7- 9 | 10-12 || total
-------------------------+-------+-------+-------+-------++-------
Melee: Unarmed           |   179 |    93 |   236 |   196 ||   704
       Punch             |     7 |     3 |     5 |       ||    15
       Kick              |    15 |    13 |    26 |       ||    54
       Headbutt          |     7 |    16 |     8 |       ||    31
 Cast: Beastly Appendage |    12 |    15 |    11 |       ||    38
       Wereblood         |     1 |     1 |     8 |     9 ||    19
       Ice Form          |       |       |    21 |    20 ||    41
       Ozocubu's Armour  |       |       |       |     7 ||     7
Evoke: Wand              |       |     4 |       |       ||     4
  Use: Scroll            |     3 |     1 |       |    10 ||    14
       Potion            |       |     1 |     2 |       ||     3
 Stab: Sleeping          |     3 |     3 |       |       ||     6
Armor: Robe              |    40 |    31 |    49 |       ||   120
       Skin              |       |       |    47 |    79 ||   126
       Scale mail        |       |       |       |    11 ||    11
Dodge: Dodged            |    97 |    47 |   102 |    85 ||   331

Table legend: (Time is in decaauts)
 A = Elapsed time spent in this place.
 B = Non-inter-level travel time spent in this place.
 C = Inter-level travel time spent in this place.
 D = Time resting spent in this place.
 E = Time spent auto-exploring this place.
 F = Levels seen in this place.
 G = Mean time per level.
                   A        B        C        D        E       F      G
               +--------+--------+--------+--------+--------+-----+--------+
         Total |  13251 |  12938 |    313 |   1366 |   9722 |  11 | 1204.6 |
       Dungeon |  13251 |  12938 |    313 |   1366 |   9722 |  11 | 1204.6 |
               +--------+--------+--------+--------+--------+-----+--------+

Top non-repeatable levels by time:
     D:2: 2064 daAuts
    D:10: 2012 daAuts
     D:9: 1996 daAuts
     D:3: 1103 daAuts
     D:7: 1101 daAuts
     D:4: 1100 daAuts
     D:1: 956 daAuts
     D:5: 899 daAuts
    D:11: 828 daAuts
     D:8: 729 daAuts
     D:6: 459 daAuts
